 Dungeon Crawl Stone Soup version 0.16.2-12-gd0ad4c3 (webtiles) character file.

1894 Ijustatesigmund the Sneak (level 9, -1/56 HPs)
             Began as an Octopode Wizard on Oct 21, 2015.
             Slain by fandersen's ghost (12 damage)
             ... on level 5 of the Dungeon.
             The game lasted 00:49:34 (8735 turns).

Ijustatesigmund the Sneak (Octopode Wizard)         Turns: 8735, Time: 00:49:34

Health: -1/56      AC:  3    Str:  7    XL:     9   Next: 15%
Magic:  12/16      EV: 12    Int: 23    God:
Gold:   186        SH:  0    Dex: 10    Spells: 6 memorised, 5 levels left

rFire  . . .     SeeInvis .     o - +2 hand axe (elec)
rCold  . . .     Clarity  .     (no shield)
rNeg   . . .     SustAb   .     b - +2 hat (curse)
rPois  +         Gourm    .     (no amulet)
rElec  +         Spirit   .     u - ring of flight
rCorr  .         Warding  .     (no ring)
rMut   .         Stasis   .     (no ring)
MR     .....                    (no ring)
Stlth  +++++.....               (no ring)
                                (no ring)
                                (no ring)
                                (no ring)

@: very slightly contaminated, hasted, repel missiles, drained, very quick, not
resistant to hostile enchantments, quite stealthy
A: almost no armour, amphibious, 8 rings, constrict 8, camouflage 1, low mp 2,
poison resistance, electricity resistance, gelatinous body 1, evolution 1
a: Evoke Flight


You were on level 5 of the Dungeon.
You were hungry.

You visited 1 branch of the dungeon, and saw 8 of its levels.
You also visited: Ossuary.

You collected 261 gold pieces.
You spent 75 gold pieces at shops.

Inventory:

Hand weapons
 o - a +2 hand axe of electrocution (weapon)
Armour
 b - a cursed +2 hat (worn)
Jewellery
 u - a ring of flight (left tentacle)
Magical devices
 f - a wand of magic darts (17)
 m - a wand of fireball (0)
 x - a wand of frost (30)
Scrolls
 e - a scroll of magic mapping
 h - 5 scrolls of blinking
 j - 5 scrolls of remove curse
 n - 2 scrolls of teleportation
 t - 2 scrolls of enchant armour
 w - 4 scrolls of identify
Potions
 a - 2 potions of restore abilities
 i - a potion of might
 k - 3 potions of agility
 l - a potion of magic
 r - 2 potions of berserk rage {unknown}
 s - a potion of curing
Books
 c - a book of Minor Magic

   Spells                             Type                      Level
   a - Magic Dart                     Conjuration                  1
   b - Blink                          Translocation                2
   c - Call Imp                       Summoning                    2
   d - Repel Missiles                 Charms/Air                   2
   e - Slow                           Hexes                        2
   f - Conjure Flame                  Conjuration/Fire             3
   g - Mephitic Cloud                 Conjuration/Poison/Air       3
Comestibles
 d - 8 bread rations
 g - 3 meat rations


   Skills:
 + Level 3.0(2.7) Fighting
 - Level 1.3(1.0) Axes
 - Level 2.0(1.7) Dodging
 + Level 7.8(7.5) Stealth
 - Level 5.1(4.8) Spellcasting
 - Level 5.2(4.9) Conjurations
 - Level 2.0(1.7) Charms
 - Level 2.2(2.0) Summonings
 - Level 3.8(3.5) Translocations
 - Level 3.0(2.7) Air Magic
 - Level 3.4(3.1) Poison Magic


You had 5 spell levels left.
You knew the following spells:

 Your Spells              Type           Power        Failure   Level  Hunger
a - Magic Dart            Conj           ####         1%          1    None
b - Blink                 Tloc           N/A          3%          2    None
c - Call Imp              Summ           ##......     10%         2    None
d - Repel Missiles        Chrm/Air       ###...       10%         2    None
e - Mephitic Cloud        Conj/Pois/Air  ###.....     10%         3    ##.....
f - Conjure Flame         Conj/Fire      ###.....     12%         3    ##.....


Dungeon Overview and Level Annotations

Branches:
Dungeon (8/15)
 Temple: D:4-7         Lair: D:8-11

Altars:
Elyvilon
Makhleb
Nemelex Xobeh
Okawaru
Qazlal
Ru
Sif Muna
Xom

Shops:
D:6 ?

Annotations:
D:5 Natasha; fandersen's ghost, experienced CeHu
D:7 Menkaure


Innate Abilities, Weirdness & Mutations

You cannot wear most types of armour.
You are amphibious.
You can wear up to eight rings at the same time.
You can use your tentacles to constrict many enemies at once.
Your skin changes colour to match your surroundings (Stealth).
Your rubbery body absorbs attacks (AC +1).
Your magical capacity is very low (-20% MP).
Your system is resistant to poisons.
You are resistant to electric shocks.
You evolve.


Message History

You completely miss fandersen's ghost. Your squeeze misses fandersen's ghost.
Fandersen's ghost is severely damaged.
Your crimson imp blinks!
Fandersen's ghost wails, "You will join me soon!"
Fandersen's ghost closely misses you.
You hit fandersen's ghost but do no damage.
Fandersen's ghost is severely damaged.
You closely miss fandersen's ghost.
Fandersen's ghost is severely damaged.
Fandersen's ghost hits you! Fandersen's ghost freezes you.
You closely miss fandersen's ghost.
Fandersen's ghost is severely damaged.
Fandersen's ghost whispers, "Everlasting silence awaits you..."
Fandersen's ghost hits you!
* * * LOW HITPOINT WARNING * * *
Drink which item? (? for menu, Esc to quit)
You feel as though your hastened speed will last longer.
Your crimson imp barely misses fandersen's ghost.
Fandersen's ghost hits you!
You die...

**,* #.# #..## #.# **,.** #.#
##..### ##.# **,...* #.# #.....##
#..# *,*#..#* #.# #.>.#..####..##
,,**#..#* #.# #..###........# ,**
*#..#*#.# ##..# ##........ ,*
#..)##.## ##...# #....###. ,*
*#......####....# #...## ## ,**
*#......##W@....####..## # ,,*
*#...##.....5.........## #
,,**#.....................# ##
,,,#......................######.
,,,..............................
,**...................#..........
,,*#.......)..###.....##...####..
,,*##........## #.....##...# #..
,,.##.......## ##....##..## #..


You could see fandersen's ghost and a friendly crimson imp.

Vanquished Creatures
  Grinder (D:5)
  Eustachio (D:7)
  An ice beast (D:6)
  An ogre (D:4)
  A centaur (D:7)
  4 giant frogs
  3 water moccasin zombies (Ossuary)
  A scorpion (D:5)
  2 crimson imps (D:6)
  A jelly (D:5)
  3 orc priests (D:3)
  4 orc wizards
  2 hounds (D:4)
  2 iguanas
  3 worker ants
  2 big kobold zombies (Ossuary)
  Jessica (D:3)
  3 mummies
  Robin (D:3)
  9 adders
  4 gnolls (D:5)
  A giant mite (D:2)
  A worm (D:3)
  An adder skeleton (D:6)
  9 adder zombies
  21 orcs
  18 bats
  5 giant cockroaches
  21 goblins
  7 hobgoblins
  4 jackals
  7 kobolds
  A ball python (D:4)
  A ball python zombie (D:6)
  8 giant geckos
  8 giant newts
  A giant spore (D:6)
  5 gnoll zombies (Ossuary)
  6 hobgoblin zombies (Ossuary)
  3 kobold zombies (Ossuary)
  6 orc zombies (Ossuary)
  A quokka (D:7)
  9 rats
  A ballistomycete (D:6)
195 creatures vanquished.

Vanquished Creatures (others)
  A crimson imp (D:5)
  3 white imps (D:5)
4 creatures vanquished.

Grand Total: 199 creatures vanquished

Notes
Turn   | Place    | Note
--------------------------------------------------------------
     0 | D:1      | Ijustatesigmund, the Octopode Wizard, began the quest for the Orb.
     0 | D:1      | Reached XP level 1. HP: 11/11 MP: 4/4
   501 | D:1      | Reached XP level 2. HP: 17/17 MP: 1/6
  1172 | D:1      | Learned a level 2 spell: Blink
  1175 | D:1      | Learned a level 2 spell: Call Imp
  1178 | D:1      | Learned a level 2 spell: Repel Missiles
  1363 | D:2      | Reached skill level 4 in Stealth
  1556 | D:2      | Reached XP level 3. HP: 21/21 MP: 3/7
  2220 | D:3      | Noticed Robin
  2231 | D:3      | Reached XP level 4. HP: 15/27 MP: 9/9
  2246 | D:3      | Reached skill level 5 in Stealth
  2362 | D:3      | Killed Robin
  2505 | D:3      | Reached XP level 5. HP: 9/31 MP: 7/11
  2750 | D:3      | Reached skill level 6 in Stealth
  2888 | D:3      | Noticed Jessica
  2891 | D:3      | Killed Jessica
  2891 | D:3      | Reached XP level 6. HP: 23/36 MP: 9/12
  2897 | D:3      | Learned a level 3 spell: Mephitic Cloud
  3594 | D:3      | Reached skill level 1 in Poison Magic
  3702 | D:3      | Reached skill level 1 in Air Magic
  3800 | D:4      | Found a sacrificial altar of Ru.
  3800 | D:4      | Found a shimmering altar of Xom.
  3800 | D:4      | Found a white marble altar of Elyvilon.
  3814 | D:4      | Found a burning altar of Makhleb.
  3821 | D:4      | Found an iron altar of Okawaru.
  3885 | D:4      | Reached XP level 7. HP: 41/41 MP: 7/14
  4014 | D:4      | Found a stormy altar of Qazlal.
  4338 | D:4      | Found a sparkling altar of Nemelex Xobeh.
  4414 | D:5      | Entered Level 5 of the Dungeon
  4434 | D:5      | Noticed Grinder
  4459 | D:5      | Found a sand-covered staircase.
  4465 | Ossuary  | Entered an ossuary
  4652 | Ossuary  | Reached skill level 1 in Axes
  4818 | Ossuary  | Gained mutation: Your magical capacity is low (-10% MP). [potion of mutation]
  4818 | Ossuary  | Gained mutation: You evolve. [potion of mutation]
  4818 | Ossuary  | Gained mutation: You are resistant to electric shocks. [potion of mutation]
  5316 | D:5      | Paralysed by Grinder for 4 turns
  5330 | D:5      | Paralysed by Grinder for 5 turns
  5481 | D:5      | Noticed Natasha
  5490 | D:5      | Noticed fandersen's ghost (experienced CeHu)
  5768 | D:6      | Reached XP level 8. HP: 44/46 MP: 11/14
  5916 | D:6      | Learned a level 3 spell: Conjure Flame
  5939 | D:6      | Reached skill level 1 in Charms
  6151 | D:6      | Gained mutation: Your magical capacity is very low (-20% MP). [evolution]
  6355 | D:6      | Found Tusehel's Magic Scroll Emporium.
  6362 | D:6      | Bought a scroll of identify for 30 gold pieces
  6362 | D:6      | Bought a scroll of teleportation for 45 gold pieces
  6391 | D:6      | Reached skill level 5 in Conjurations
  6996 | D:6      | Found a deep blue altar of Sif Muna.
  7113 | D:6      | Gained mutation: Your system is resistant to poisons. [evolution]
  7315 | D:7      | Noticed Menkaure
  7697 | D:7      | Noticed Eustachio
  7708 | D:7      | Killed Eustachio
  7708 | D:7      | Reached skill level 5 in Spellcasting
  7821 | D:8      | Noticed a two-headed ogre
  8019 | D:5      | Reached skill level 1 in Fighting
  8317 | D:5      | Reached skill level 7 in Stealth
  8317 | D:5      | Reached XP level 9. HP: 16/54 MP: 2/16
  8593 | D:5      | Killed Grinder
  8735 | D:5      | Slain by fandersen's ghost

Action                   |  1- 3 |  4- 6 |  7- 9 || total
-------------------------+-------+-------+-------++-------
Melee: Unarmed           |    26 |       |       ||    26
       Hand axe          |    11 |    45 |   182 ||   238
 Cast: Magic Dart        |    65 |    99 |   179 ||   343
       Repel Missiles    |     1 |       |     1 ||     2
       Blink             |       |     1 |    11 ||    12
       Mephitic Cloud    |       |     5 |    14 ||    19
       Call Imp          |       |       |    11 ||    11
       Conjure Flame     |       |       |     1 ||     1
Evoke: Wand              |       |     2 |       ||     2
  Use: Scroll            |     6 |     4 |    12 ||    22
       Potion            |       |     2 |    11 ||    13
 Stab: Sleeping          |     2 |       |    10 ||    12
       Invisible         |       |     1 |       ||     1
       Confused          |       |     1 |     1 ||     2
  Eat: Chunk             |     3 |     6 |     8 ||    17
       Fruit             |     1 |       |     7 ||     8
       Beef jerky        |       |       |     2 ||     2
